 Dungeon Crawl Stone Soup version 0.23.0 (webtiles) character file.

Game seed: 17890502301477399656

141591 Lanoc the Tortoise (level 17, 0/135 HPs)
             Began as a Gnoll Fighter on Feb 14, 2019.
             Was an Initiate of Gozag.
             Killed from afar by a shock serpent (18 damage)
             ... with a bolt of electricity
             ... on level 4 of the Snake Pit.
             The game lasted 01:46:18 (35708 turns).

Lanoc the Tortoise (Gnoll Fighter)                 Turns: 35708, Time: 01:46:18

Health: 0/135      AC: 27    Str: 22    XL:     17   Next: 33%
Magic:  33/33      EV: 18    Int: 17    God:    Gozag
Gold:   2523       SH:  8    Dex: 18    Spells: 28/41 levels left

rFire    + . .     SeeInvis .   I - +8 spear of Courage {drain, rF+ Str+3 Int+3}
rCold    + . .     Gourm    .   z - +0 buckler {rPois}
rNeg     . . .     Faith    .   o - +2 plate armour of the Ten Eyes {rC+}
rPois    +         Spirit   .   (no helmet)
rElec    .         Reflect  .   l - +2 cloak
rCorr    .         Harm     .   S - +0 pair of gloves
MR       +....                  L - +1 pair of boots {run}
Stlth    ++........             Q - amulet of rage
HPRegen  0.32/turn              H - +4 ring of evasion
MPRegen  0.23/turn              U - ring of Shadows {Umbra +Inv Stlth+}

@: lethally poisoned (0 -> 0), wreathed by umbra, studying 2 skills, quick
A: distributed training, fangs 1, strong nose
a: Potion Petition, Call Merchant, Bribe Branch, Renounce Religion, Evoke
Berserk Rage, Evoke Invisibility


You were on level 4 of the Snake Pit.
You worshipped Gozag.
Gozag was most pleased with you.
You were not hungry.

You visited 7 branches of the dungeon, and saw 30 of its levels.
You visited 3 bazaars.

You collected 9042 gold pieces.
You spent 6004 gold pieces at shops.
You paid 515 gold pieces to Gozag.

Inventory:

Hand Weapons
 I - the +8 spear of Courage (weapon) {drain, rF+ Str+3 Int+3}
   (You found it on level 2 of the Lair of Beasts)

   A truly terrible weapon, it drains the life of those it strikes.
   It affects your strength (+3).
   It affects your intelligence (+3).
   It protects you from fire.
 K - the +3 scimitar "Hoal" {vamp, MR+ Int+2}
   (You bought it in a shop on level 10 of the Dungeon)

   It inflicts no extra harm, but heals its wielder when it wounds a living foe.
   It affects your intelligence (+2).
   It affects your resistance to hostile enchantments.
Missiles
 a - 193 sling bullets
 e - 829 arrows
 P - 160 bolts
Armour
 c - a +0 shield
 l - a +2 cloak (worn)
 o - the +2 plate armour of the Ten Eyes (worn) {rC+}
   (You bought it in a shop on level 2 of the Orcish Mines)

   It protects you from cold.
 z - a +0 buckler of poison resistance (worn)
 L - a +1 pair of boots of running (worn)
 S - a +0 pair of gloves (worn)
Jewellery
 i - an uncursed ring of positive energy
 s - the ring "Naegu" {rCorr +Fly rF+}
   (You bought it in a shop in a bazaar)

   [ring of resist corrosion]

   It protects you from fire.
   It lets you fly.
 H - a +4 ring of evasion (left hand)
 N - an uncursed ring of see invisible
 Q - an amulet of rage (around neck)
 U - the ring of Shadows (right hand) {Umbra +Inv Stlth+}
   (You bought it in a shop in a bazaar)

   [ring of stealth]

   It lets you turn invisible.
   It makes you more stealthy.
Wands
 b - a wand of disintegration (6)
 g - a wand of iceblast (13)
 q - a wand of digging (5)
 R - a wand of acid (7)
 T - a wand of flame (12)
Scrolls
 d - 3 scrolls of immolation
 j - 5 scrolls of teleportation
 n - 9 scrolls of remove curse
 r - 5 scrolls of enchant weapon
 t - 5 scrolls of fog
 B - a scroll of random uselessness {unknown}
 C - a scroll of silence
 J - 2 scrolls of enchant armour
 M - a scroll of brand weapon
 V - 3 scrolls of blinking
 W - 9 scrolls of identify
 X - 2 scrolls of magic mapping
Potions
 h - 3 potions of mutation
 k - a potion of brilliance
 m - 4 potions of lignification
 p - 2 potions of resistance
 u - 6 potions of flight
 v - 2 potions of magic
 x - 2 potions of might
 A - 2 potions of haste
 D - 3 potions of curing
 F - 3 potions of ambrosia
 G - a potion of cancellation
 O - a potion of invisibility
 Y - 4 potions of heal wounds
Books
 w - a manual of Spellcasting
 y - a manual of Armour
Miscellaneous
 Z - a box of beasts
Comestibles
 f - 27 rations


   Skills:
 + Level 12.7 Fighting
 + Level 11.2 Short Blades
 + Level 12.0 Long Blades
 + Level 11.2 Axes
 + Level 11.2 Maces & Flails
 + Level 11.2 Polearms
 + Level 11.2 Staves
 + Level 11.2 Slings
 + Level 11.2 Bows
 + Level 11.2 Crossbows
 + Level 11.2 Throwing
 + Level 15.8 Armour
 + Level 11.2 Dodging
 + Level 11.2 Stealth
 + Level 12.7 Shields
 + Level 11.2 Unarmed Combat
 + Level 12.9 Spellcasting
 + Level 9.6 Conjurations
 + Level 9.6 Hexes
 + Level 9.6 Charms
 + Level 9.6 Summonings
 + Level 9.6 Necromancy
 + Level 9.6 Translocations
 + Level 9.6 Transmutations
 + Level 9.6 Fire Magic
 + Level 9.6 Ice Magic
 + Level 9.6 Air Magic
 + Level 9.6 Earth Magic
 + Level 9.6 Poison Magic
 + Level 12.2 Invocations
 + Level 11.2 Evocations


You had 28 spell levels left.
You knew the following spells:

 Your Spells              Type           Power        Failure   Level  Hunger
a - Apportation           Tloc           #####.       1%          1    None
b - Tukima's Dance        Hex            #####...     3%          3    None
c - Ensorcelled Hibernat  Hex/Ice        #####.       1%          2    None
d - Regeneration          Chrm/Necr      #####.....   3%          3    None
e - Animate Dead          Necr           N/A          11%         4    ##.....

Your spell library contained the following spells:

 Spells                   Type           Power        Failure   Level  Hunger
 Animate Skeleton         Necr           N/A          1%          1    None
 Confusing Touch          Hex            #####.       1%          1    None
 Corona                   Hex            #####..      1%          1    None
 Freeze                   Ice            ####         1%          1    None
 Pain                     Necr           ####         1%          1    None
 Summon Small Mammal      Summ           ####         1%          1    None
 Throw Frost              Conj/Ice       #####.       1%          2    None
 Confuse                  Hex            #####...     3%          3    None
 Dazzling Spray           Conj/Hex       #####.       3%          3    None
 Gell's Gravitas          Tloc           #####.....   3%          3    None
 Ozocubu's Armour         Chrm/Ice       #####...     3%          3    None
 Recall                   Summ/Tloc      N/A          3%          3    None
 Vampiric Draining        Necr           #####.....   3%          3    None
 Petrify                  Tmut/Erth      #####...     11%         4    ##.....
 Summon Ice Beast         Ice/Summ       #####...     11%         4    ##.....
 Throw Icicle             Conj/Ice       #####...     11%         4    ##.....
 Aura of Abjuration       Summ           #####.....   28%         5    ####...
 Metabolic Englaciation   Hex/Ice        #####.....   28%         5    ####...
 Summon Demon             Summ           #####.....   28%         5    ####...
 Summon Forest            Summ/Tloc      #####.....   28%         5    ####...
 Summon Mana Viper        Hex/Summ       #####...     28%         5    ####...
 Yara's Violent Unravell  Hex/Tmut       #####.....   28%         5    ####...
 Shadow Creatures         Summ           N/A          85%         6    ######.


Dungeon Overview and Level Annotations

Branches:
Dungeon (15/15)            Temple (1/1) D:4            Lair (6/6) D:10
  Swamp (1/4) Lair:2        Snake (4/4) Lair:2        Slime (0/5) Lair:6
    Orc (2/2) D:10            Elf (1/3) Orc:2        Vaults (0/5) D:14
 Depths: D:15

Altars:
Ashenzari
Cheibriados
Dithmenos
Elyvilon
Fedhas
Gozag
Hepliaklqana
Kikubaaqudgha
Makhleb
Nemelex Xobeh
Okawaru
Qazlal
Ru
Sif Muna
Trog
Uskayaw
Vehumet
Wu Jian
Xom
Yredelemnul
Zin
The Shining One
Beogh

Shops:
D:10 [(   Orc:1 (   Orc:2 :*[*   Snake:1 [*

Portals:
Trove: D:14 (give 24 scrolls of identify)

Annotations:
D:5 2 transporters, MalarOregon's ghost, novice MfSk
D:8 1 runed translucent door, poirepourri's ghost, novice DDFi
D:14 trove 24 scrolls of identify
Lair:1 3 runed translucent doors, nikopol's ghost, novice MiBe
Lair:2 exclusion: oklob plant


Innate Abilities, Weirdness & Mutations

Your experience applies equally to all skills.
You have very sharp teeth.
Your uncanny sense of smell can sniff out nearby items.


Message History

You feel sick. The naga spits poison at you. The splash of poison misses you.
You feel sick. The naga mage spits poison at you.
The splash of poison misses you.
The shock serpent shoots out a bolt of lightning at you!
The bolt of electricity hits you! The naga spits poison at you.
The splash of poison misses you.
The naga mage becomes distracted by your gold, dreaming of imaginary riches.
You feel sick.
The shock serpent shoots out a bolt of lightning at you!
The bolt of electricity hits you!!
* * * LOW HITPOINT WARNING * * *
You feel sick.
The shock serpent shoots out a bolt of lightning at you!
The bolt of electricity hits you!!
You die...
Your body crumbles into a pile of gold.

#..........#.
.....................
...........#........#..
#..).......#...........#
......$.................
.......$................
.#....)......#.#........
#.....[)..S.....#.......
.#.....@.S.............#
..#..[......##..##...###
. #.....(.###..S.S.##...
...#....".##............
...#......##.......N..%#
.. ##......##..N......(.
##.....##....../...(
.......##....##....
#..... #....###....


You could see a shock serpent and a black mamba.

Vanquished Creatures
  Saint Roka (Snake:3)
  Asterion (Snake:1)
  A nagaraja (Snake:3)
  3 orc warlords
  Louise (D:14)
  A spark wasp (Lair:3)
  A great orb of eyes (D:14)
  6 naga warriors
  4 centaur warriors
  3 hydras
  A catoblepas (Lair:2)
  7 two-headed ogres
  16 anacondas
  A tengu warrior (D:13)
  5 death yaks (Lair:3)
  3 naga sharpshooters (Snake:3)
  4 orc high priests (Orc:2)
  3 shock serpents
  Nergalle (Lair:4)
  3 salamander mystics
  6 sea snakes
  8 naga ritualists
  A wizard (D:14)
  An unseen horror (D:13)
  2 deep elf archers
  A lindwurm (Lair:5)
  Pikel (D:4)
  12 ugly things
  5 orc knights
  A deep elf mage (D:15)
  4 orc sorcerers (Orc:2)
  7 mana vipers
  3 cyclopes
  8 salamanders
  38 black mambas
  10 naga magi
  3 guardian serpents
  2 gargoyles
  29 spiny frogs
  A torpor snail (Lair:6)
  4 rime drakes (Lair:6)
  6 komodo dragons
  2 kobold demonologists (D:13)
  A queen bee (shapeshifter) (D:13)
  3 polar bears
  6 trolls
  14 blink frogs
  4 tyrant leeches (Lair:6)
  2 meliai (D:13)
  11 slime creatures
  6 dream sheep (Lair:6)
  A raiju (shapeshifter) (D:13)
  9 hippogriffs
  2 shadows
  5 wyverns
  3 basilisks
  A human (shapeshifter) (D:14)
  25 yaks
  6 vampire mosquitoes (Lair:6)
  A steam dragon (D:11)
  9 wargs
  36 nagas
  13 water moccasins
  9 porcupines
  2 slaves (D:4)
  42 orc warriors
  6 ice beasts
  4 sky beasts
  A black bear (D:12)
  15 ogres
  7 wolves
  13 centaurs
  6 crocodiles
  Blork the orc (D:4)
  24 bullfrogs
  A big kobold (D:13)
  A gnoll sergeant (D:9)
  A wyvern zombie (D:11)
  4 scorpions
  3 killer bees (D:10)
  7 wights
  4 electric eels
  3 howler monkeys (D:8)
  5 crimson imps
  A quasit (D:9)
  6 hounds
  18 jellies
  A bullfrog zombie (D:6)
  2 gnoll shamans
  17 orc wizards
  31 orc priests
  2 centaur zombies
  Crazy Yiuf (D:7)
  4 bullfrog skeletons
  Natasha (twice) (D:3)
  2 iguanas
  5 worker ants
  A hound zombie (D:8)
  2 howler monkey skeletons
  14 adders
  12 gnolls
  5 shadow imps
  5 oozes (D:13)
  An adder skeleton (D:9)
  2 dart slugs
  A worm (D:3)
  5 leopard geckos
  108 orcs
  6 giant cockroaches
  12 goblins
  6 hobgoblins
  4 jackals
  6 kobolds
  2 quokkas (D:2)
  3 ball pythons
  6 bats
  A jackal skeleton (D:6)
  A leopard gecko zombie (D:6)
  A quokka zombie (D:6)
  5 rats
839 creatures vanquished.

Vanquished Creatures (collateral kills)
  A salamander mystic (Snake:3)
  A meliai (D:13)
  An orc warrior (Snake:3)
  A hornet zombie (D:14)
  A crimson imp (D:15)
  A bullfrog skeleton (D:13)
  An orc (Snake:3)
7 creatures vanquished.

Vanquished Creatures (others)
  A vault guard (D:14)
  A naga sharpshooter (Snake:4)
  3 dancing weapons (Snake:4)
  A hippogriff (D:14)
  A bush (Lair:6)
  10 fungi
  54 plants
71 creatures vanquished.

Grand Total: 917 creatures vanquished

Notes
Turn   | Place    | Note
-------+----------+-------------------------------------------
     0 | D:1      | Lanoc the Gnoll Fighter began the quest for the Orb.
     0 | D:1      | Reached XP level 1. HP: 23/23 MP: 1/1
    83 | D:1      | Reached XP level 2. HP: 29/29 MP: 2/2
   478 | D:1      | Reached XP level 3. HP: 35/35 MP: 3/3
   859 | D:1      | Reached skill level 1 in Invocations
   937 | D:1      | HP: 1/35 [orc priest/divine providence (12)]
   939 | D:1      | Reached skill level 1 in Short Blades
   939 | D:1      | Reached skill level 1 in Axes
   939 | D:1      | Reached skill level 1 in Maces & Flails
   939 | D:1      | Reached skill level 1 in Polearms
   939 | D:1      | Reached skill level 1 in Staves
   939 | D:1      | Reached skill level 1 in Slings
   939 | D:1      | Reached skill level 1 in Bows
   939 | D:1      | Reached skill level 1 in Crossbows
   939 | D:1      | Reached skill level 1 in Throwing
   939 | D:1      | Reached skill level 1 in Dodging
   939 | D:1      | Reached skill level 1 in Stealth
   939 | D:1      | Reached skill level 1 in Unarmed Combat
   939 | D:1      | Reached skill level 1 in Spellcasting
   939 | D:1      | Reached skill level 1 in Evocations
   939 | D:1      | Reached XP level 4. HP: 1/41 MP: 5/5
  1312 | D:1      | Reached skill level 1 in Conjurations
  1312 | D:1      | Reached skill level 1 in Hexes
  1312 | D:1      | Reached skill level 1 in Charms
  1312 | D:1      | Reached skill level 1 in Summonings
  1312 | D:1      | Reached skill level 1 in Necromancy
  1312 | D:1      | Reached skill level 1 in Translocations
  1312 | D:1      | Reached skill level 1 in Transmutations
  1312 | D:1      | Reached skill level 1 in Fire Magic
  1312 | D:1      | Reached skill level 1 in Ice Magic
  1312 | D:1      | Reached skill level 1 in Air Magic
  1312 | D:1      | Reached skill level 1 in Earth Magic
  1312 | D:1      | Reached skill level 1 in Poison Magic
  1353 | D:2      | Found a sacrificial altar of Ru.
  1405 | D:2      | Reached XP level 5. HP: 47/47 MP: 6/6
  1819 | D:3      | Noticed Natasha
  1826 | D:3      | Killed Natasha
  2133 | D:3      | Noticed Natasha
  2141 | D:3      | Killed Natasha
  2375 | D:4      | Reached XP level 6. HP: 48/53 MP: 8/8
  2628 | D:4      | Noticed Blork the orc
  2659 | D:4      | HP: 2/53 [Blork the orc/magic dart (4)]
  2660 | D:4      | Killed Blork the orc
  2660 | D:4      | Reached skill level 5 in Long Blades
  3358 | D:4      | Found a staircase to the Ecumenical Temple.
  3358 | D:4      | Noticed Pikel
  3358 | D:4      | Noticed a slave
  3358 | D:4      | Noticed a slave
  3358 | D:4      | Noticed a slave
  3358 | D:4      | Noticed a slave
  3362 | D:4      | Killed a slave
  3367 | D:4      | Killed a slave
  3367 | D:4      | Killed Pikel
  3367 | D:4      | Reached skill level 7 in Armour
  3367 | D:4      | Reached XP level 7. HP: 49/60 MP: 11/11
  3367 | D:4      | Reached XP level 8. HP: 54/67 MP: 12/12
  3393 | Temple   | Entered the Ecumenical Temple
  3587 | Temple   | Became a worshipper of Gozag Ym Sagoz the Greedy
  3637 | D:5      | Entered Level 5 of the Dungeon
  3857 | D:5      | Noticed MalarOregon's ghost (novice MfSk)
  3885 | D:5      | Found a transporter.
  3898 | D:5      | Found a transporter.
  4606 | D:6      | Found a burning altar of Makhleb.
  4623 | D:6      | Found an ancient bone altar of Kikubaaqudgha.
  5005 | D:6      | Found an ornate altar of the Wu Jian Council.
  5005 | D:6      | Found a basalt altar of Yredelemnul.
  5023 | D:6      | Reached XP level 9. HP: 30/72 MP: 14/14
  5402 | D:6      | Found a sparkling altar of Nemelex Xobeh.
  5970 | D:7      | Found a runed translucent door.
  5971 | D:7      | Noticed Crazy Yiuf
  5979 | D:7      | Killed Crazy Yiuf
  5979 | D:7      | Reached skill level 8 in Armour
  6908 | D:8      | Reached skill level 5 in Invocations
  7037 | D:8      | Found a runed translucent door.
  7044 | D:8      | Noticed poirepourri's ghost (novice DDFi)
  7332 | D:8      | Noticed a two-headed ogre
  7343 | D:8      | Killed a two-headed ogre
  7343 | D:8      | Reached XP level 10. HP: 44/80 MP: 17/17
  7932 | D:9      | Reached skill level 5 in Short Blades
  7932 | D:9      | Reached skill level 5 in Axes
  7932 | D:9      | Reached skill level 5 in Maces & Flails
  7932 | D:9      | Reached skill level 5 in Polearms
  7932 | D:9      | Reached skill level 5 in Staves
  7932 | D:9      | Reached skill level 5 in Slings
  7932 | D:9      | Reached skill level 5 in Bows
  7932 | D:9      | Reached skill level 5 in Crossbows
  7932 | D:9      | Reached skill level 5 in Throwing
  7932 | D:9      | Reached skill level 5 in Dodging
  7932 | D:9      | Reached skill level 5 in Stealth
  7932 | D:9      | Reached skill level 5 in Unarmed Combat
  7932 | D:9      | Reached skill level 5 in Spellcasting
  7932 | D:9      | Reached skill level 5 in Evocations
  8059 | D:9      | Noticed a two-headed ogre
  8068 | D:9      | Killed a two-headed ogre
  8068 | D:9      | Reached skill level 9 in Armour
  8683 | D:10     | Entered Level 10 of the Dungeon
  8744 | D:10     | Found a staircase to the Lair.
  8755 | D:10     | Noticed a two-headed ogre
  8767 | D:10     | Killed a two-headed ogre
  9104 | D:10     | Noticed a two-headed ogre
  9118 | D:10     | Killed a two-headed ogre
  9118 | D:10     | Reached XP level 11. HP: 87/87 MP: 19/19
  9418 | D:10     | Found Joozuperch's Weapon Emporium.
  9419 | D:10     | Found a staircase to the Orcish Mines.
  9419 | D:10     | Noticed an orc knight
  9445 | D:10     | Killed an orc knight
  9448 | D:10     | Found Gusm's Armour Emporium.
  9458 | D:10     | Bought the +3 scimitar "Hoal" {vamp, MR+ Int+2} for 569
                  | gold pieces
  9473 | D:10     | Bought a +1 pair of boots of running for 474 gold pieces
  9684 | D:11     | Found a flickering gateway to a bazaar.
  9828 | D:11     | Reached skill level 10 in Armour
  9943 | D:11     | Noticed a six-headed hydra
  9953 | D:11     | Killed a six-headed hydra
  9953 | D:11     | Reached skill level 5 in Conjurations
  9953 | D:11     | Reached skill level 5 in Hexes
  9953 | D:11     | Reached skill level 5 in Charms
  9953 | D:11     | Reached skill level 5 in Summonings
  9953 | D:11     | Reached skill level 5 in Necromancy
  9953 | D:11     | Reached skill level 5 in Translocations
  9953 | D:11     | Reached skill level 5 in Transmutations
  9953 | D:11     | Reached skill level 5 in Fire Magic
  9953 | D:11     | Reached skill level 5 in Ice Magic
  9953 | D:11     | Reached skill level 5 in Air Magic
  9953 | D:11     | Reached skill level 5 in Earth Magic
  9953 | D:11     | Reached skill level 5 in Poison Magic
  9995 | Bazaar   | Entered a bazaar
 10013 | Bazaar   | Found Piweog's Antique Weapon Emporium.
 10029 | Bazaar   | Found Qax Sag's Book Emporium.
 10046 | Bazaar   | Found Pyruh Xasov's Armour Shoppe.
 10046 | Bazaar   | Found Koff's Armour Emporium.
 10161 | D:11     | Noticed a cyclops
 10175 | D:11     | Killed a cyclops
 10922 | D:12     | Noticed a two-headed ogre
 10946 | D:12     | Killed a two-headed ogre
 11272 | D:12     | Learned a level 1 spell: Apportation
 11813 | D:13     | Killed an unseen horror
 11813 | D:13     | Reached XP level 12. HP: 96/96 MP: 22/22
 11945 | D:13     | Noticed a centaur warrior
 12285 | D:13     | Killed a centaur warrior
 12285 | D:13     | Reached skill level 11 in Armour
 13033 | D:13     | Noticed a tengu warrior
 13047 | D:13     | Killed a tengu warrior
 13596 | D:14     | Noticed Louise
 13605 | D:14     | Found a portal to a secret trove of treasure.
 13655 | D:14     | Killed Louise
 13655 | D:14     | Reached skill level 10 in Fighting
 13655 | D:14     | Reached skill level 10 in Shields
 13818 | D:14     | Found a flickering gateway to a bazaar.
 13829 | Bazaar   | Entered a bazaar
 13834 | Bazaar   | Found Faud's General Store.
 13838 | Bazaar   | Found Efuptie's Jewellery Shoppe.
 13845 | Bazaar   | Found Fetiugh's Magic Scroll Shop.
 13882 | Bazaar   | Found Rani's Jewellery Boutique.
 13892 | Bazaar   | Bought the ring "Naegu" {rCorr +Fly rF+} for 324 gold
                  | pieces
 13917 | Bazaar   | Bought a ration for 95 gold pieces
 13923 | Bazaar   | Bought the ring of Shadows {Umbra +Inv Stlth+} for 280 gold
                  | pieces
 13923 | Bazaar   | Found the ring of Shadows {Umbra +Inv Stlth+}
 13937 | Bazaar   | Bought a scroll of teleportation for 39 gold pieces
 13937 | Bazaar   | Bought a scroll of blinking for 97 gold pieces
 13937 | Bazaar   | Bought a scroll of identify for 26 gold pieces
 13937 | Bazaar   | Bought a scroll of magic mapping for 45 gold pieces
 14215 | D:14     | Reached XP level 13. HP: 103/103 MP: 24/24
 14485 | D:14     | Reached skill level 12 in Armour
 14855 | D:14     | Noticed an orc warlord
 14858 | D:14     | Noticed a great orb of eyes
 14862 | D:14     | Killed a great orb of eyes
 14866 | D:14     | Noticed a vault guard
 14872 | D:14     | Killed an orc warlord
 14950 | D:14     | Found a gate to the Vaults.
 15041 | D:15     | Entered Level 15 of the Dungeon
 15082 | D:14     | Noticed a minotaur
 15082 | D:14     | a five-headed hydra changed into a minotaur
 15523 | D:15     | Got a bronze scale mail
 15534 | D:15     | Identified the cursed +0 scale mail of Nothrif {rElec} (You
                  | found it on level 15 of the Dungeon)
 15600 | D:15     | HP: 2/104 [sun demon[an orc sorcerer] (15)]
 16002 | Orc:1    | Entered Level 1 of the Orcish Mines
 16360 | Orc:1    | Found Orur's Weapon Shoppe.
 16478 | Orc:2    | Entered Level 2 of the Orcish Mines
 17764 | Orc:2    | Found a roughly hewn altar of Beogh.
 17765 | Orc:2    | Noticed an orc warlord
 17808 | Orc:2    | Killed an orc warlord
 17985 | Orc:2    | Reached XP level 14. HP: 80/111 MP: 26/26
 18063 | Orc:2    | Found Nocwitoy's Book Emporium.
 18128 | Orc:2    | Found Obielafa's Assorted Antiques.
 18154 | Orc:2    | Bought a scroll of identify for 70 gold pieces
 18179 | Orc:2    | Reached skill level 13 in Armour
 18340 | Orc:2    | Found a staircase to the Elven Halls.
 18410 | Orc:2    | Reached skill level 10 in Long Blades
 18551 | Orc:2    | Found Sutu's Food Shop.
 18600 | Orc:2    | Bought a ration for 70 gold pieces
 18600 | Orc:2    | Bought a ration for 70 gold pieces
 18600 | Orc:2    | Bought a ration for 70 gold pieces
 18600 | Orc:2    | Bought a ration for 70 gold pieces
 18600 | Orc:2    | Bought a ration for 70 gold pieces
 18600 | Orc:2    | Bought a ration for 70 gold pieces
 18600 | Orc:2    | Bought a ration for 70 gold pieces
 18600 | Orc:2    | Bought a ration for 70 gold pieces
 18600 | Orc:2    | Bought a ration for 70 gold pieces
 18600 | Orc:2    | Bought a ration for 70 gold pieces
 18600 | Orc:2    | Bought a ration for 70 gold pieces
 18600 | Orc:2    | Bought a ration for 70 gold pieces
 18600 | Orc:2    | Bought a ration for 70 gold pieces
 18616 | Orc:2    | Noticed an orc warlord
 18663 | Orc:2    | Killed an orc warlord
 18693 | Orc:2    | Found a roughly hewn altar of Beogh.
 18979 | Orc:2    | Found Binnemab's General Store.
 19356 | Orc:2    | Bought a scroll of teleportation for 42 gold pieces
 19356 | Orc:2    | Bought a potion of might for 56 gold pieces
 19618 | Orc:2    | Bought a manual of Spellcasting for 1324 gold pieces
 19689 | Lair:1   | Entered Level 1 of the Lair of Beasts
 19904 | Lair:1   | Found a runed translucent gate.
 19905 | Lair:1   | Found a runed translucent gate.
 19954 | Lair:1   | Reached skill level 10 in Invocations
 20294 | Lair:1   | Found a runed translucent gate.
 20297 | Lair:1   | Noticed nikopol's ghost (novice MiBe)
 20306 | Lair:1   | Learned a level 3 spell: Tukima's Dance
 20309 | Lair:1   | Learned a level 2 spell: Ensorcelled Hibernation
 20856 | Lair:2   | Found a staircase to the Snake Pit.
 21371 | Lair:2   | Got a bone spear
 21372 | Lair:2   | Identified the +8 spear of Courage {drain, rF+ Str+3 Int+3}
                  | (You found it on level 2 of the Lair of Beasts)
 21662 | Lair:2   | Found a staircase to the Swamp.
 22567 | Lair:3   | You fall through a shaft for 3 floors!
 22567 | Lair:6   | Entered Level 6 of the Lair of Beasts
 22567 | Lair:6   | Found a staircase to the Slime Pits.
 22595 | Lair:6   | Reached XP level 15. HP: 117/119 MP: 28/28
 22609 | Lair:6   | Reached skill level 10 in Spellcasting
 23017 | Lair:6   | Reached skill level 14 in Armour
 24019 | Lair:6   | Learned a level 3 spell: Regeneration
 24207 | Lair:5   | Reached skill level 10 in Short Blades
 24207 | Lair:5   | Reached skill level 10 in Axes
 24207 | Lair:5   | Reached skill level 10 in Maces & Flails
 24207 | Lair:5   | Reached skill level 10 in Polearms
 24207 | Lair:5   | Reached skill level 10 in Staves
 24207 | Lair:5   | Reached skill level 10 in Slings
 24207 | Lair:5   | Reached skill level 10 in Bows
 24207 | Lair:5   | Reached skill level 10 in Crossbows
 24207 | Lair:5   | Reached skill level 10 in Throwing
 24207 | Lair:5   | Reached skill level 10 in Dodging
 24207 | Lair:5   | Reached skill level 10 in Stealth
 24207 | Lair:5   | Reached skill level 10 in Unarmed Combat
 24207 | Lair:5   | Reached skill level 10 in Evocations
 24898 | Lair:4   | Noticed Nergalle
 24932 | Lair:4   | Killed Nergalle
 27012 | Elf:1    | Entered Level 1 of the Elven Halls
 27601 | Orc:2    | Bought a polished plate armour for 896 gold pieces
 27611 | Orc:2    | Identified the +2 plate armour of the Ten Eyes {rC+} (You
                  | bought it in a shop on level 2 of the Orcish Mines)
 27699 | D:10     | Bought a +0 buckler of poison resistance for 110 gold
                  | pieces
 27774 | Swamp:1  | Entered Level 1 of the Swamp
 27832 | Snake:1  | Entered Level 1 of the Snake Pit
 27913 | Snake:1  | Found Amena's Antique Armour Shop.
 27946 | Snake:1  | Noticed Asterion
 27950 | Snake:1  | Noticed an Executioner
 27953 | Snake:1  | Killed Asterion
 27953 | Snake:1  | Reached XP level 16. HP: 46/127 MP: 31/31
 28053 | Snake:1  | Found a flickering gateway to a bazaar.
 28062 | Bazaar   | Entered a bazaar
 28365 | Bazaar   | Found Zoteph's Book Boutique.
 28365 | Bazaar   | Found Pemijol's Book Boutique.
 28392 | Bazaar   | Found Tilielyu's General Store.
 28400 | Bazaar   | Bought a scroll of identify for 22 gold pieces
 28400 | Bazaar   | Bought a ration for 55 gold pieces
 28400 | Bazaar   | Bought a ration for 55 gold pieces
 28400 | Bazaar   | Bought a ration for 55 gold pieces
 28441 | Bazaar   | Found Goikheam's General Store.
 28449 | Bazaar   | Bought a potion of heal wounds for 55 gold pieces
 28449 | Bazaar   | Bought a ration for 55 gold pieces
 28449 | Bazaar   | Bought a scroll of teleportation for 33 gold pieces
 28471 | Bazaar   | Bought a box of beasts for 220 gold pieces
 28471 | Bazaar   | Bought a scroll of identify for 22 gold pieces
 28493 | Bazaar   | Learned a level 4 spell: Animate Dead
 28583 | Snake:1  | Found Qanil's General Store.
 28604 | Snake:1  | Bought a potion of heal wounds for 75 gold pieces
 30454 | Snake:2  | Reached skill level 15 in Armour
 33380 | Snake:3  | Reached XP level 17. HP: 102/135 MP: 33/33
 33543 | Snake:3  | Noticed Saint Roka
 34225 | Snake:3  | Killed Saint Roka
 34506 | Snake:3  | Found a snail-covered altar of Cheibriados.
 34784 | Snake:4  | Entered Level 4 of the Snake Pit
 35708 | Snake:4  | Killed from afar by a shock serpent

Skill      XL: |  1  2  3  4  5  6  7  8  9 10 11 12 13 14 15 16 17 |
---------------+----------------------------------------------------+-----
Invocations    | 1 2 3 4 5 6 7 8 9 10 11 12 | 12.2
Short Blades   | 1 2 3 4 5 6 7 8 9 10 11 | 11.2
Axes           | 1 2 3 4 5 6 7 8 9 10 11 | 11.2
Maces & Flails | 1 2 3 4 5 6 7 8 9 10 11 | 11.2
Polearms       | 1 2 3 4 5 6 7 8 9 10 11 | 11.2
Staves         | 1 2 3 4 5 6 7 8 9 10 11 | 11.2
Slings         | 1 2 3 4 5 6 7 8 9 10 11 | 11.2
Bows           | 1 2 3 4 5 6 7 8 9 10 11 | 11.2
Crossbows      | 1 2 3 4 5 6 7 8 9 10 11 | 11.2
Throwing       | 1 2 3 4 5 6 7 8 9 10 11 | 11.2
Dodging        | 1 2 3 4 5 6 7 8 9 10 11 | 11.2
Stealth        | 1 2 3 4 5 6 7 8 9 10 11 | 11.2
Unarmed Combat | 1 2 3 4 5 6 7 8 9 10 11 | 11.2
Spellcasting   | 1 2 3 4 5 6 7 8 9 11 12 | 12.9
Evocations     | 1 2 3 4 5 6 7 8 9 10 11 | 11.2
Conjurations   | 1 2 3 4 5 6 7 8 9 |  9.6
Hexes          | 1 2 3 4 5 6 7 8 9 |  9.6
Charms         | 1 2 3 4 5 6 7 8 9 |  9.6
Summonings     | 1 2 3 4 5 6 7 8 9 |  9.6
Necromancy     | 1 2 3 4 5 6 7 8 9 |  9.6
Translocations | 1 2 3 4 5 6 7 8 9 |  9.6
Transmutations | 1 2 3 4 5 6 7 8 9 |  9.6
Fire Magic     | 1 2 3 4 5 6 7 8 9 |  9.6
Ice Magic      | 1 2 3 4 5 6 7 8 9 |  9.6
Air Magic      | 1 2 3 4 5 6 7 8 9 |  9.6
Earth Magic    | 1 2 3 4 5 6 7 8 9 |  9.6
Poison Magic   | 1 2 3 4 5 6 7 8 9 |  9.6
Long Blades    | 5 6 7 8 9 10 11 12 | 12.0
Fighting       | 7 8 9 10 11 12 | 12.7
Armour         | 7 8 9 10 11 12 13 14 15 | 15.8
Shields        | 7 8 9 10 11 12 | 12.7

Action                   |  1- 3 |  4- 6 |  7- 9 | 10-12 | 13-15 | 16-18 || total
-------------------------+-------+-------+-------+-------+-------+-------++-------
Melee: Long sword        |    42 |       |       |       |       |       ||    42
       Bite              |    11 |    31 |    29 |   125 |   461 |   159 ||   816
       Dagger            |    30 |   190 |       |       |       |       ||   220
       Hand axe          |       |    22 |   244 |   143 |       |       ||   409
       Scimitar          |       |       |       |   635 |  1919 |       ||  2554
       Spear             |       |       |       |       |   553 |  1287 ||  1840
Throw: Tomahawk          |     4 |       |     1 |       |     3 |       ||     8
 Cast: Tukima's Dance    |       |       |       |       |       |    21 ||    21
Invok: Potion Petition   |       |       |     1 |       |       |       ||     1
       Call Merchant     |       |       |       |       |     1 |       ||     1
Evoke: Wand              |       |       |     4 |    29 |    30 |    13 ||    76
       Box of beasts     |       |       |       |       |       |     1 ||     1
  Use: Potion            |     1 |       |     1 |     3 |     9 |     4 ||    18
       Scroll            |       |    12 |     4 |     8 |    13 |     3 ||    40
 Stab: Distracted        |       |       |     1 |     3 |    23 |     7 ||    34
       Invisible         |       |       |     1 |       |     5 |       ||     6
       Sleeping          |       |       |     2 |     1 |    22 |       ||    25
       Paralysed         |       |       |       |     2 |     7 |       ||     9
  Eat: Chunk             |       |     8 |     1 |       |       |       ||     9
       Ration            |       |       |     3 |     8 |    17 |     6 ||    34
Armor: Scale mail        |    31 |    64 |    59 |    27 |       |       ||   181
       Plate armour      |       |       |       |   261 |   219 |   304 ||   784
       Chain mail        |       |       |       |       |   349 |       ||   349
Dodge: Dodged            |    17 |    64 |    87 |   325 |  1162 |   627 ||  2282
Block: Shield            |    39 |   118 |   127 |   394 |  1398 |       ||  2076
       Buckler           |       |       |       |       |    16 |   340 ||   356
       Rpst.: Long sword |     4 |       |       |       |       |       ||     4
       Scimitar          |       |       |       |    76 |   249 |       ||   325
